 Dungeon Crawl Stone Soup version 0.31-a0-185-g9dded2c639 (webtiles) character file.

Game seed: 3791857775926428862

28 qw the Shooter (level 2, -8/16 HPs)
             Began as a Deep Elf Hunter on June 22, 2023.
             Mangled by Terence
             ... wielding a +0 mace
              (11 damage)
             ... on level 1 of the Dungeon.
             The game lasted 00:00:17 (498 turns).

qw the Shooter (Deep Elf Hunter)                     Turns: 498, Time: 00:00:18

Health: -8/16      AC:  3    Str:  8    XL:     2   Next: 96%
Magic:  4/4        EV: 12    Int: 13    God:
Gold:   87         SH:  0    Dex: 18    Spells: 1/1 levels left

rFire   . . .        Y - +1 shortbow
rCold   . . .        (shield currently unavailable)
rNeg    . . .        c - +0 leather armour
rPois   .            (no helmet)
rElec   .            (no cloak)
rCorr   .            (no gloves)
SInv    .            (no boots)
Will    .....        (no amulet)
Stlth   ++           (no ring)
HPRegen 0.22/turn    (no ring)
MPRegen 0.09/turn

%: no passive effects
@: no status effects
A: no striking features
a: no special abilities


You were on level 1 of the Dungeon.
You visited 1 branch of the dungeon, and saw 2 of its levels.

You collected 87 gold pieces.


   Skills:
 - Level 1.5 Fighting
 + Level 6.6 Ranged Weapons
 - Level 2.4 Dodging
 - Level 1.2 Stealth


You had one spell level left.
You didn't know any spells.
Your spell library was empty.

Inventory:

Hand Weapons
 Y - a +1 shortbow (weapon)
Armour
 c - a +0 leather armour (worn)
Potions
 f - a potion of haste {unknown}
 g - a potion of berserk rage {unknown}

Dungeon Overview and Level Annotations

Branches:
Dungeon (2/15)

Altars:

Shops:
D:1 :

Annotations:
D:1 Terence


Message History

The jackal barely misses you. Terence closely misses you.
The jackal barely misses you.
You shoot an arrow. The arrow hits Terence.
Terence is moderately wounded.
The jackal bites you. Terence barely misses you.
490 ||| STAIRDANCE The jackal closely misses you.
Terence closely misses you.
The jackal bites you but does no damage.
You climb upwards.
There is a stone staircase leading down here.
Enter note:
Enter note:
Enter note: You shoot an arrow.
The arrow hits Terence.
Terence is moderately wounded.
Terence hits you with a +0 mace. The jackal bites you.
You shoot an arrow. The arrow hits Terence.
Terence is heavily wounded.
The jackal barely misses you. Terence hits you with a +0 mace.
The jackal barely misses you. Terence misses you.
You shoot an arrow.
The arrow hits Terence but does no damage.
Terence is heavily wounded.
The jackal closely misses you. Terence closely misses you.
The jackal bites you.
You shoot an arrow. The arrow hits Terence.
Terence is heavily wounded.
The jackal bites you. Terence closely misses you.
You shoot an arrow. The arrow hits Terence.
Terence is severely wounded.
The jackal closely misses you. Terence barely misses you.
The jackal bites you but does no damage.
You shoot an arrow. The arrow hits Terence.
Terence is severely wounded.
The jackal closely misses you. Terence barely misses you.
You shoot an arrow.
The arrow hits Terence but does no damage.
Terence is severely wounded.
The jackal barely misses you. Terence hits you with a +0 mace!
Ouch! That really hurt!
You die...

####.####### #...................
####.####### #...................
####.#########..................#
..##.######........)(...........#
...#.######.###.........).......#
.....######.# ##.(...##.....#.###
.....# #.# ###..####.........
.....######.######..# #.%...#...
................@h..# ##.###.####
...%...).......##@### #..# #.# #
....####..###......####.## #.#
......###................###.####
...##.............###.....##.....
..###.............# #.###........
### #....##'##....###.#####.....)
#...##...##...##..#.....#####
#...#..<..#...#..#..###.# #


You could see Terence and a jackal.

Vanquished Creatures
  A dart slug (D:1)
  2 endoplasms (D:1)
  3 giant cockroaches (D:1)
  4 goblins (D:1)
  A hobgoblin (D:1)
  A jackal (D:2)
  2 kobolds (D:1)
  A quokka (D:1)
  A ball python (D:1)
  3 bats (D:1)
  2 frilled lizards (D:1)
  2 rats (D:1)
23 creatures vanquished.

Notes
Turn   | Place    | Note
-------+----------+-------------------------------------------
     0 | D:1      | qw the Deep Elf Hunter began the quest for the Orb.
     0 | D:1      | Reached XP level 1. HP: 12/12 MP: 3/3
     0 | D:1      | 0 ||| qw: Version: 0.3-a-9-g12657ce
     0 | D:1      | 0 ||| qw: Game counter: 1672
     0 | D:1      | 0 ||| qw: Always use a shield: true
     0 | D:1      | 0 ||| qw: God list: Okawaru
     0 | D:1      | 0 ||| qw: Allow faded altars: false
     0 | D:1      | 0 ||| qw: Do Orc after D:15 true
     0 | D:1      | 0 ||| qw: Do second Lair branch before Depths: true
     0 | D:1      | 0 ||| qw: Lair rune preference: random
     0 | D:1      | 0 ||| qw: Plans: Normal
     0 | D:1      | 0 ||| PLANNING D:1-11
   105 | D:1      | Reached XP level 2. HP: 16/16 MP: 4/4
   108 | D:1      | Reached skill level 6 in Ranged Weapons
   351 | D:1      | Found Canyre's Book Shoppe.
   357 | D:1      | 357 ||| READING scroll labelled SITHRE VOMESCHU.
   457 | D:1      | 457 ||| READING scroll labelled XUQUOV AXOZ OGEILA.
   458 | D:1      | 458 ||| READING scroll labelled DOOLU MEMPEWN.
   459 | D:1      | 459 ||| READING scroll labelled PYTHEHAYLE.
   460 | D:1      | 460 ||| DROPPING scroll of butterflies.
   484 | D:2      | Noticed Terence
   490 | D:2      | 490 ||| STAIRDANCE
   494 | D:1      | HP: 4/16 [jackal (1)]
   498 | D:1      | Mangled by Terence

Levels and vault maps discovered:
D:1:      dpeg_arrival_shelter, layout_rooms, serial_shops,
          nicolae_book_shop_shelving
D:2:      layout_loops_ring, minmay_box_of_dots, uniq_terence

Skill      XL: |  1  2 |
---------------+-------+-----
Ranged Weapons | 6 |  6.6
Fighting       | |  1.5
Dodging        | |  2.4
Stealth        | |  1.2

Action                     || total
---------------------------++-------
   Fire: Shortbow          ||    78
    Use: Scroll            ||     4
 Armour: Leather armour    ||     3
  Dodge: Dodged            ||    24

Table legend:
 A = Non-vault XP
 B = Vault XP
 C = Vault XP percentage of total XP
 D = Non-vault monster count
 E = Vault monster count
 F = Vault count percentage of total count
                 A         B        C        D         E       F
            +---------+---------+-------+---------+---------+-------
      Total |      40 |       0 |   0.0 |      23 |       0 |   0.0
            +---------+---------+-------+---------+---------+-------
        D:1 |      38 |       0 |   0.0 |      22 |       0 |   0.0
        D:2 |       2 |       0 |   0.0 |       1 |       0 |   0.0
            +---------+---------+-------+---------+---------+-------
